 Dungeon Sprint DCSS version 0.17.1-3-g152610e (webtiles) character file.

28 hexophile the Skirmisher (level 2, -13/30 HPs)
             Began as a Minotaur Fighter on Apr 20, 2016.
             Mangled by an ogre
             ... wielding a +0 giant spiked club
              (30 damage)
             ... in the Dungeon (Sprint I: "Red Sonja").
             The game lasted 00:00:16 (92 turns).

hexophile the Skirmisher (Minotaur Fighter)           Turns: 92, Time: 00:00:16

Health: -13/30     AC:  6    Str: 20    XL:     2   Next: 96%
Magic:  1/1        EV:  7    Int:  5    God:
Gold:   0          SH:  9    Dex:  9    Spells: 0 memorised, 1 level left

rFire  . . .     SeeInvis .     a - +0 long sword
rCold  . . .     Clarity  .     b - +0 scale mail
rNeg   . . .     SustAt   .     c - +0 shield
rPois  .         Gourm    .     (helmet restricted)
rElec  .         Spirit   .     (no cloak)
rCorr  .         Warding  .     (no gloves)
rMut   .         NoTele   +     (no boots)
MR     .....                    (no amulet)
Stlth  ..........               (no ring)
                                (no ring)

@: not resistant to hostile enchantments, extremely unstealthy
A: retaliatory headbutt, horns 2
a: no special abilities


You were in the Dungeon.
You were not hungry.

You visited 1 branch


Innate Abilities, Weirdness & Mutations

You reflexively headbutt those who attack you in melee.
You have a pair of horns on your head.

Inventory:

Hand Weapons
 a - a +0 long sword (weapon)
Armour
 b - a +0 scale mail (worn)
 c - a +0 shield (worn)
Scrolls
 k - a scroll of blinking
Potions
 d - a potion of might {Str+5 DMG+1d10}
 f - a potion of curing
 g - a potion of heal wounds
 h - a potion of haste
 i - 2 potions of magic
 j - a potion of berserk rage
Comestibles
 l - a chunk of flesh
 r - a bread ration


You had one spell level left.
You didn't know any spells.


   Skills:
 * Level 6.2 Fighting
 * Level 5.5 Long Blades
 - Level 3.6 Armour
 - Level 3.6 Shields

Dungeon Overview and Level Annotations

Branches:
Dungeon (1/1)

Altars:

Vault maps used:
D:        dungeon_sprint_1
You       could see an ogre.


Message History

Ijyb is severely wounded.
Ijyb hits you but does no damage.
You slash Ijyb!
Ijyb is almost dead.
You block Ijyb's attack.
You closely miss Ijyb.
Ijyb is almost dead.
Ijyb barely misses you.
You barely miss Ijyb.
Ijyb is almost dead.
Ijyb closely misses you.
You barely miss Ijyb. You headbutt Ijyb.
You kill Ijyb!
Your Fighting skill gained 3 levels and is now at level 6!
Your Long Blades skill gained 3 levels and is now at level 5!
You have reached level 2!
You got additional 11 HP.
Restored 4 HP.
You have now: 23/30 HP.
Unknown command.
There is an open door here.
Things that are here:
a club; the goblin corpse of Ijyb You butcher the goblin corpse of Ijyb.
l - a chunk of flesh
There is an open door here.
You see here a club.
You start resting.
HP restored.
Restored 6 HP.
You have now: 30/30 HP.
As you open the door, it creaks loudly!
An ogre comes into view. It is wielding a giant spiked club.
Drink which item? (? for menu, Esc to quit)
Okay, then.
You hit the ogre.
The ogre is lightly wounded.
You block the ogre's attack.
You hit the ogre. You headbutt the ogre.
The ogre is lightly wounded.
You barely miss the ogre. You headbutt the ogre.
The ogre is moderately wounded.
The ogre hits you with a giant spiked club!
You lost 9 HP.
You have now: 21/30 HP.
You slash the ogre! Your headbutt misses the ogre.
The ogre is heavily wounded.
The ogre hits you with a giant spiked club.
You lost 4 HP.
You have now: 17/30 HP.
You hit the ogre.
The ogre is severely wounded.
The ogre hits you with a giant spiked club!!
Ouch! That really hurt!
You die...

Action                   || total
-------------------------++-------
Melee: Long sword        ||    17

Notes
Turn   | Place    | Note
--------------------------------------------------------------
     0 | D        | hexophile the Minotaur Fighter began the quest for the Orb.
     0 | D        | Reached XP level 1. HP: 19/19 MP: 0/0
     6 | D        | Noticed Ijyb
    19 | D        | Killed Ijyb
    19 | D        | Reached skill level 6 in Fighting
    19 | D        | Reached skill level 5 in Long Blades
    19 | D        | Reached XP level 2. HP: 23/30 MP: 1/1
    87 | D        | Noticed an ogre
    92 | D        | Mangled by an ogre

Table legend:
 A = Turns spent in this place as a percentage of turns spent in the entire game.
 B = Non-inter-level travel turns spent in this place as a percentage of non-inter-level travel turns spent in the entire game.
 C = Inter-level travel turns spent in this place as a percentage of turns spent in this place.
 D = Turns resting spent in this place as a percentage of non-inter-level travel turns spent in this place.
 E = Turns spent auto-exploring this place as a percentage of non-inter-level travel turns spent in this place.
 F = Non-inter-level travel turns spent in this place divided by the number of levels of this place that you've seen.
                   A       B       C       D       E      F
               +-------+-------+-------+-------+-------+----------------------
         Total | 100.0 | 100.0 |   0.0 |   5.0 |   0.0 |  40.0
       Dungeon | 100.0 | 100.0 |   0.0 |   5.0 |   0.0 |  40.0
               +-------+-------+-------+-------+-------+----------------------

Table legend:
 A = Kills in this place as a percentage of kills in entire the game.
 B = Kills by you in this place as a percentage of kills by you in the entire game.
 C = Kills by friends in this place as a percentage of kills by friends in the entire game.
 D = Other kills in this place as a percentage of other kills in the entire game.
 E = Experience gained in this place as a percentage of experience gained in the entire game.
 F = Experience gained in this place divided by the number of levels of this place that you have seen.
                   A       B       C       D       E      F
               +-------+-------+-------+-------+-------+----------------------
         Total | 100.0 | 100.0 |  -nan |  -nan | 100.0 |  40.0
       Dungeon | 100.0 | 100.0 |  -nan |  -nan | 100.0 |  40.0
               +-------+-------+-------+-------+-------+----------------------

Vanquished Creatures
  Ijyb (D)
1 creature vanquished.
